 Dungeon Crawl Stone Soup version 0.24.0-2-g5b39cebb1c (webtiles) character file.

Game seed: 14175577396366782492, levelgen mode: deterministic

62 Katsumi the Changer (level 3, 0/17 HPs)
             Began as a Felid Transmuter on Oct 29, 2019.
             Hit by a boomerang thrown by a kobold (2 damage)
             ... on level 2 of the Dungeon.
             The game lasted 00:02:23 (2540 turns).

Katsumi the Changer (Felid Transmuter)              Turns: 2540, Time: 00:02:24

Health: 0/17       AC:  1    Str:  6    XL:     3   Next: 85%
Magic:  16/16      EV: 18    Int: 15    God:
Gold:   78         SH:  0    Dex: 16    Spells: 3/6 levels left
                                        Lives:  0   Deaths: 0

rFire    . . .     SeeInvis +     - Unarmed
rCold    . . .     Gourm    .   (shield unavailable)
rNeg     . . .     Faith    .   (armour unavailable)
rPois    .         Spirit   .   (helmet unavailable)
rElec    .         Reflect  .   (cloak unavailable)
rCorr    .         Harm     .   (gloves unavailable)
MR       .....                  (boots unavailable)
Stlth    ++........             (no amulet)
HPRegen  0.05/turn              i - ring of magical power
MPRegen  0.15/turn              (no ring)

@: quick
A: very small, no armour, no weapons or thrown items, stealth, claws 1, fangs 3,
see invisible, carnivore, speed 1, shaggy fur 1, slow metabolism 1, sharp paws
a: no special abilities


You were on level 2 of the Dungeon.
You were completely stuffed.

You visited 1 branch of the dungeon, and saw 2 of its levels.

You collected 78 gold pieces.

Inventory:

Missiles
 a - 29 arrows
Jewellery
 i - a ring of magical power (left paw)
Scrolls
 h - a scroll of identify {unknown}
 k - a scroll of noise {unknown}
Potions
 b - 2 potions of heal wounds {unknown}
 d - 2 potions of degeneration {unknown}
 e - a potion of mutation {unknown}
 f - 2 potions of invisibility {unknown}
 g - 2 potions of berserk rage {unknown}
 j - a potion of curing {unknown}
 l - a potion of agility {unknown}
Comestibles
 c - 9 rations
 m - 3 chunks of flesh


   Skills:
 - Level 3.0 Fighting
 - Level 2.6 Dodging
 - Level 3.0 Unarmed Combat
 - Level 2.0 Spellcasting
 + Level 3.3 Transmutations


You had 3 spell levels left.
You knew the following spells:

 Your Spells              Type           Power        Failure   Level  Hunger
a - Beastly Appendage     Tmut           ##....       5%          1    #......
b - Sticks to Snakes      Tmut           ##......     9%          2    ###....

Your spell library contained the following spells:

 Spells                   Type           Power        Failure   Level  Hunger
 Spider Form              Tmut/Pois      #.........   32%         3    ###....
 Ice Form                 Ice/Tmut       #.......     73%         4    #####..
 Blade Hands              Tmut           ##........   83%         5    ######.


Dungeon Overview and Level Annotations

Branches:
Dungeon (2/15)

Altars:
Hepliaklqana


Innate Abilities, Weirdness & Mutations

You cannot wear armour.
You are incapable of wielding weapons or throwing items.
Your paws allow you to move quietly. (Stealth)
You have sharp claws.
You have razor-sharp teeth.
You have supernaturally acute eyesight. (SInv)
You are carnivorous and can eat meat at any time.
You cover ground quickly.
You are covered in fur. (AC +1)
You have a slow metabolism.
Your sharp claws are effective at attacking unaware monsters.


Message History

The dart slug is almost dead.
The kobold closely misses you. The dart slug barely misses you.
Unknown command.
You scratch the dart slug.
You kill the dart slug!
The kobold closely misses you.
Unknown command.
The kobold throws a boomerang.
The boomerang misses you.
The weapon returns to the kobold!
The kobold throws a boomerang.
The boomerang hits you.
* * * LOW HITPOINT WARNING * * *
The weapon returns to the kobold!
Your horns disappear.
The kobold throws a boomerang.
The boomerang closely misses you.
The weapon returns to the kobold!
Unknown command.
The kobold throws a boomerang.
The boomerang closely misses you.
The weapon returns to the kobold!
The kobold throws a boomerang.
The boomerang hits you.
You die...

....... ........รท......#
.......## ...............#
......... ..............##
#.......# ##.....#.....###
#.......# ###########...#
.......K### ###.##
..........### #..#
.....?.##...############..#
#.....# ###...@..........##
##...# ################
####


You could see a kobold.

Vanquished Creatures
  An adder (D:2)
  5 dart slugs
  2 giant cockroaches (D:2)
  7 goblins
  4 hobgoblins
  4 jackals (D:1)
  A quokka (D:2)
  3 bats
  2 frilled lizards
  5 kobolds
  5 rats (D:2)
39 creatures vanquished.

Notes
Turn   | Place    | Note
-------+----------+-------------------------------------------
     0 | D:1      | Katsumi the Felid Transmuter began the quest for the Orb.
     0 | D:1      | Reached XP level 1. HP: 9/9 MP: 4/4
   233 | D:1      | Reached XP level 2. HP: 7/13 MP: 4/6
  1019 | D:1      | Reached XP level 3. HP: 17/17 MP: 5/7
  1308 | D:2      | Found a hazy altar of Hepliaklqana.
  1867 | D:2      | Learned a level 2 spell: Sticks to Snakes
  2540 | D:2      | Hit by a boomerang thrown by a kobold

Levels and vault maps discovered:
D:1:      scummos_arrival_simple_crosswalls, layout_basic
D:2:      layout_rooms, lemuel_doored_altar

Skill      XL: |  1  2  3 |
---------------+----------+-----
Fighting       | 2 3 |  3.0
Transmutations | 3 |  3.3
Dodging        | |  2.6
Unarmed Combat | |  3.0
Spellcasting   | |  2.0

Action                   || total
-------------------------++-------
Melee: Unarmed           ||   116
       Headbutt          ||    12
       Bite              ||     4
       Punch             ||     2
 Cast: Beastly Appendage ||    31
  Use: Potion            ||     2
 Stab: Sleeping          ||     4
  Eat: Chunk             ||    11
Armor: Skin              ||     9
Dodge: Dodged            ||   105
